[Event "19th Prague Open-A 2020"]
[Site "Prague"]
[Date "2020.01.12"]
[Round "4.16"]
[White "Tsotsonava, Elene"]
[Black "Priehoda, Vitezslav"]
[Result "0-1"]
[ECO "C03"]
[WhiteElo "2078"]
[BlackElo "2341"]
[Annotator "ChessBase"]
[PlyCount "38"]
[EventDate "2020.01.10"]
[EventType "swiss"]
[EventCountry "CZE"]
[SourceTitle "playchess.com"]
[Source "ChessBase"]
[SourceQuality "1"]
[TimeControl "40/5400+30:1800+30"]

1. e4 e6 2. d4 d5 3. Nd2 h6 4. exd5 exd5 5. Ngf3 Bd6 6. Bd3 Nc6 7. O-O Nb4 8. Qe2+ Ne7 9. c4 Nxd3 10. Qxd3 dxc4 11. Nxc4 O-O 12. Nxd6 Qxd6 13. Re1 Be6 14. Ne5 Rad8 15. Be3 Qxe5 16. Qa3 Qd6 17. Qxa7 Bd5 18. Qa4 Qg6 19. g3 Qe4 0-1

[Event "19th Prague Open-A 2020"]
[Site "Prague"]
[Date "2020.01.13"]
[Round "5.14"]
[White "Koubova, Anna Marie"]
[Black "Czerw, Dawid"]
[Result "1/2-1/2"]
[ECO "D43"]
[WhiteElo "1930"]
[BlackElo "2262"]
[Annotator "RC"]
[PlyCount "60"]
[EventDate "2020.01.10"]
[EventType "swiss"]
[EventCountry "CZE"]
[SourceTitle "playchess.com"]
[Source "ChessBase"]
[SourceQuality "1"]
[TimeControl "40/5400+30:1800+30"]

1. d4 Nf6 2. c4 e6 3. Nf3 d5 4. Nc3 c6 5. cxd5 exd5 6. Bg5 Nbd7 7. e3 Qa5 8. Nd2 Bb4 9. Qc2 O-O 10. Bd3 Ne4 11. Bxe4 dxe4 12. Bf4 Nf6 13. O-O Bxc3 14. bxc3 Nd5 15. Nxe4 f5 16. Nd6 Qxc3 17. Qxc3 Nxc3 18. Be5 b6 19. f3 Be6 20. Rf2 Nd5 21. Re2 Ne7 22. Rc1 Rfd8 23. e4 fxe4 24. fxe4 Rd7 25. Rf2 Rad8 26. Nf5 Bxf5 27. exf5 c5 28. dxc5 Rd1+ 29. Rf1 Rxc1 30. Rxc1 Rd5 1/2-1/2

[Event "19th Prague Open-A 2020"]
[Site "Prague"]
[Date "2020.01.15"]
[Round "7.12"]
[White "Neuman, Petr"]
[Black "Svanda, Ondrej"]
[Result "1-0"]
[ECO "B44"]
[WhiteElo "2371"]
[BlackElo "2257"]
[Annotator "ChessBase"]
[PlyCount "89"]
[EventDate "2020.01.10"]
[EventType "swiss"]
[EventCountry "CZE"]
[SourceTitle "playchess.com"]
[Source "ChessBase"]
[SourceQuality "1"]
[TimeControl "40/5400+30:1800+30"]

1. e4 c5 2. Nf3 e6 3. d4 cxd4 4. Nxd4 Nc6 5. Nb5 d6 6. c4 a6 7. N5c3 Nf6 8. Be2 Be7 9. O-O O-O 10. Be3 b6 11. Nd2 Nd7 12. Rc1 Bb7 13. a3 Bf6 14. Re1 Rc8 15. Bf1 Qc7 16. f4 Bd4 17. Qe2 Bxe3+ 18. Qxe3 Qb8 19. b4 Ba8 20. Red1 Nf6 21. Be2 Rcd8 22. Nb3 Rfe8 23. Bf3 Re7 24. g4 h6 25. h4 d5 26. cxd5 exd5 27. e5 d4 28. Nxd4 Nxd4 29. Rxd4 Rxd4 30. Qxd4 Bxf3 31. exf6 gxf6 32. Kf2 Bb7 33. Rd1 Re6 34. Qd8+ Qxd8 35. Rxd8+ Kg7 36. Ne2 Re4 37. Rd4 f5 38. g5 hxg5 39. fxg5 a5 40. h5 axb4 41. axb4 Re7 42. Rd6 Re4 43. Rd4 Re7 44. Ng3 Be4 45. Rxe4 1-0

[Event "19th Prague Open-A 2020"]
[Site "Prague"]
[Date "2020.01.15"]
[Round "7.16"]
[White "Chyzy, Jakub"]
[Black "Balinski, Damian"]
[Result "1-0"]
[ECO "B07"]
[WhiteElo "2291"]
[BlackElo "2139"]
[Annotator "RC"]
[PlyCount "71"]
[EventDate "2020.01.10"]
[EventType "swiss"]
[EventCountry "CZE"]
[SourceTitle "playchess.com"]
[Source "ChessBase"]
[SourceQuality "1"]
[TimeControl "40/5400+30:1800+30"]

1. e4 d6 2. d4 Nf6 3. Nc3 g6 4. f3 c6 5. Be3 b5 6. Qd2 Nbd7 7. g4 Nb6 8. h4 h5 9. g5 Nfd7 10. d5 c5 11. Bxb5 a6 12. Be2 Ne5 13. b3 Bg7 14. Nh3 a5 15. a4 O-O 16. Rd1 Ba6 17. O-O Ng4 18. fxg4 Bxc3 19. Qxc3 Bxe2 20. gxh5 Bxd1 21. Rxd1 Qc8 22. Nf2 Nd7 23. Bf4 Rb8 24. Ng4 Rb4 25. Qf3 Rb7 26. Rf1 c4 27. Nh6+ Kh7 28. Bg3 f6 29. hxg6+ Kxg6 30. Nf5 Ne5 31. Bxe5 dxe5 32. h5+ Kf7 33. g6+ Kg8 34. g7 Rf7 35. Qg4 Qxf5 36. Qxf5 1-0

[Event "19th Prague Open-A 2020"]
[Site "Prague"]
[Date "2020.01.16"]
[Round "8.5"]
[White "Cernousek, Lukas"]
[Black "Nasshan, Dennis"]
[Result "1/2-1/2"]
[ECO "E04"]
[WhiteElo "2447"]
[BlackElo "2307"]
[Annotator "RC"]
[PlyCount "102"]
[EventDate "2020.01.10"]
[EventType "swiss"]
[EventCountry "CZE"]
[SourceTitle "playchess.com"]
[Source "ChessBase"]
[SourceQuality "1"]
[TimeControl "40/5400+30:1800+30"]

1. c4 e6 2. Nf3 Nf6 3. g3 d5 4. d4 dxc4 5. Bg2 a6 6. O-O Nc6 7. Bg5 Be7 8. e3 O-O 9. Nfd2 Na5 10. Qc2 c5 11. dxc5 Qc7 12. b4 cxb3 13. axb3 Nc6 14. Ne4 Nb4 15. Qc4 Nbd5 16. Nbc3 h6 17. Bxf6 Nxf6 18. Rfd1 Nxe4 19. Nxe4 Bd7 20. Nd6 Bc6 21. e4 Rfd8 22. e5 Bxg2 23. Kxg2 b6 24. c6 Bxd6 25. exd6 Rxd6 26. Rxd6 Qxd6 27. c7 Rc8 28. Rc1 Qd5+ 29. Qxd5 exd5 30. Rc6 Kf8 31. Kf3 Ke7 32. Kf4 Kd7 33. Rxb6 Rxc7 34. Rxa6 Rb7 35. Ke5 Rxb3 36. Ra7+ Ke8 37. Ra8+ Ke7 38. Ra7+ Ke8 39. f4 Re3+ 40. Kxd5 Kf8 41. f5 f6 42. Kd6 Re5 43. g4 Re4 44. h3 Re3 45. h4 Re4 46. Ra8+ Kf7 47. Ra7+ Kg8 48. g5 hxg5 49. hxg5 fxg5 50. Kd5 Re1 51. Ra6 Kf7 {[%emt 0:00:11] Ke4} 1/2-1/2

[Event "19th Prague Open-A 2020"]
[Site "Prague"]
[Date "2020.01.17"]
[Round "9.6"]
[White "Vignesh B"]
[Black "Quesada Vera, Liordis"]
[Result "0-1"]
[ECO "C55"]
[WhiteElo "1912"]
[BlackElo "2386"]
[Annotator "ChessBase"]
[PlyCount "82"]
[EventDate "2020.01.10"]
[EventType "swiss"]
[EventCountry "CZE"]
[SourceTitle "playchess.com"]
[Source "ChessBase"]
[SourceQuality "1"]
[TimeControl "40/5400+30:1800+30"]

1. e4 e5 2. Nf3 Nc6 3. Bc4 Nf6 4. d3 h6 5. O-O d6 6. c3 g5 7. Bb3 Bg7 8. Nbd2 O-O 9. Nc4 Ne7 10. Re1 b5 11. Ne3 Rb8 12. h4 g4 13. Nh2 Kh7 14. d4 Qd7 15. dxe5 dxe5 16. Qxd7 Bxd7 17. Nf5 Nc8 18. Bd1 h5 19. f3 gxf3 20. Nxf3 Ng4 21. Nh2 Nxh2 22. Kxh2 Bxf5 23. exf5 Nd6 24. Rf1 Bf6 25. Bxh5 Bxh4 26. Rf3 Rh8 27. Rh3 Nxf5 28. g3 Kg7 29. Bg4 Nxg3 30. Rxg3 Bxg3+ 31. Kxg3 Kg6 32. Bf3 f5 33. Bd2 Rbd8 34. Rd1 Rd3 35. Be1 Rxd1 36. Bxd1 Rh1 37. Kf2 e4 38. a4 a6 39. axb5 axb5 40. Bb3 f4 41. c4 Rh2+ 0-1

[Event "19th Prague Open-A 2020"]
[Site "Prague"]
[Date "2020.01.17"]
[Round "9.7"]
[White "Neuman, Petr"]
[Black "Malovanyi, Yulian"]
[Result "1-0"]
[ECO "B23"]
[WhiteElo "2371"]
[BlackElo "2360"]
[Annotator "ChessBase"]
[PlyCount "85"]
[EventDate "2020.01.10"]
[EventType "swiss"]
[EventCountry "CZE"]
[SourceTitle "playchess.com"]
[Source "ChessBase"]
[SourceQuality "1"]
[TimeControl "40/5400+30:1800+30"]

1. e4 c5 2. Nc3 g6 3. d4 cxd4 4. Qxd4 Nf6 5. Nf3 Nc6 6. Qa4 d6 7. e5 dxe5 8. Nxe5 Bg7 9. Bb5 O-O 10. Nxc6 bxc6 11. Bxc6 Bd7 12. O-O Bxc6 13. Qxc6 Rc8 14. Qa6 Qc7 15. h3 Rfd8 16. Be3 Nd5 17. Nxd5 Rxd5 18. c3 Ra5 19. Qe2 Rb8 20. Rfd1 h5 21. Rd2 Rab5 22. Rad1 Qb7 23. Rd7 Qe4 24. b3 a5 25. c4 Rb4 26. Qd3 Qxd3 27. R1xd3 a4 28. Rd8+ Rxd8 29. Rxd8+ Kh7 30. Rd3 e5 31. Bc5 Rb7 32. b4 e4 33. Rd5 f5 34. g3 h4 35. gxh4 f4 36. b5 Bf6 37. Bd4 Bxh4 38. b6 e3 39. fxe3 f3 40. Ra5 f2+ 41. Kf1 Kh6 42. Ra7 Rb8 43. Rf7 1-0

[Event "19th Prague Open-A 2020"]
[Site "Prague"]
[Date "2020.01.17"]
[Round "9.9"]
[White "Priehoda, Vitezslav"]
[Black "Czerw, Dawid"]
[Result "1/2-1/2"]
[ECO "E53"]
[WhiteElo "2341"]
[BlackElo "2262"]
[Annotator "ChessBase"]
[PlyCount "42"]
[EventDate "2020.01.10"]
[EventType "swiss"]
[EventCountry "CZE"]
[SourceTitle "playchess.com"]
[Source "ChessBase"]
[SourceQuality "1"]
[TimeControl "40/5400+30:1800+30"]

1. d4 Nf6 2. c4 e6 3. Nc3 Bb4 4. e3 O-O 5. Bd3 d5 6. Nf3 c5 7. O-O cxd4 8. exd4 dxc4 9. Bxc4 Nc6 10. a3 Be7 11. Be3 b6 12. Rc1 Bb7 13. Ba2 Rc8 14. Qe2 Qd6 15. Rfd1 Qb8 16. Bg5 Rfe8 17. Ne5 Nxe5 18. dxe5 Nd5 19. Bxd5 Bxg5 20. Bxb7 Qxb7 21. Rb1 Be7 1/2-1/2

[Event "19th Prague Open-A 2020"]
[Site "Prague"]
[Date "2020.01.17"]
[Round "9.10"]
[White "Sharma Isha"]
[Black "Domogaev, Sergey"]
[Result "1/2-1/2"]
[ECO "C54"]
[WhiteElo "2169"]
[BlackElo "2334"]
[Annotator "ChessBase"]
[PlyCount "41"]
[EventDate "2020.01.10"]
[EventType "swiss"]
[EventCountry "CZE"]
[SourceTitle "playchess.com"]
[Source "ChessBase"]
[SourceQuality "1"]
[TimeControl "40/5400+30:1800+30"]

1. e4 e5 2. Nf3 Nc6 3. Bc4 Bc5 4. c3 Nf6 5. d3 d6 6. Nbd2 a6 7. Bb3 O-O 8. Nf1 d5 9. Qe2 Ng4 10. exd5 Na5 11. Ne3 Nxb3 12. axb3 Nxe3 13. Bxe3 Bxe3 14. Qxe3 Qxd5 15. O-O Re8 16. b4 b6 17. d4 e4 18. Rfe1 Bb7 19. Nd2 f5 20. f3 Rad8 21. fxe4 1/2-1/2

[Event "19th Prague Open-A 2020"]
[Site "Prague"]
[Date "2020.01.17"]
[Round "9.11"]
[White "Otruba, Marek"]
[Black "Chyzy, Jakub"]
[Result "0-1"]
[ECO "A53"]
[WhiteElo "2091"]
[BlackElo "2291"]
[Annotator "ChessBase"]
[PlyCount "66"]
[EventDate "2020.01.10"]
[EventType "swiss"]
[EventCountry "CZE"]
[SourceTitle "playchess.com"]
[Source "ChessBase"]
[SourceQuality "1"]
[TimeControl "40/5400+30:1800+30"]

1. d4 Nf6 2. c4 d6 3. Nc3 Nbd7 4. e4 e5 5. Nf3 g6 6. Be2 Bg7 7. Bg5 h6 8. Be3 O-O 9. d5 Ng4 10. Bd2 f5 11. exf5 gxf5 12. h3 Ngf6 13. Qc1 f4 14. g3 Nh5 15. g4 Nhf6 16. g5 Nh7 17. gxh6 Bxh6 18. Bd3 Nc5 19. Bc2 e4 20. Qb1 Qe7 21. Nd4 e3 22. Rg1+ Kh8 23. Rg6 exd2+ 24. Kxd2 f3+ 25. Kd1 Bg7 26. Ne6 Nxe6 27. dxe6 Bxe6 28. Rxe6 Qxe6 29. Bxh7 Bxc3 30. bxc3 Qe2+ 31. Kc1 Qxf2 32. Qg6 Rae8 33. Qh6 Re1# 0-1

[Event "19th Prague Open-A 2020"]
[Site "Prague"]
[Date "2020.01.17"]
[Round "9.14"]
[White "Nemec, Jachym"]
[Black "Pushkov, Nikolai"]
[Result "1/2-1/2"]
[ECO "E15"]
[WhiteElo "1988"]
[BlackElo "2239"]
[Annotator "ChessBase"]
[PlyCount "69"]
[EventDate "2020.01.10"]
[EventType "swiss"]
[EventCountry "CZE"]
[SourceTitle "playchess.com"]
[Source "ChessBase"]
[SourceQuality "1"]
[TimeControl "40/5400+30:1800+30"]

1. d4 Nf6 2. c4 e6 3. Nf3 b6 4. g3 Ba6 5. Nbd2 d5 6. Bg2 Be7 7. Qa4+ c6 8. Ne5 Bb7 9. Ndf3 O-O 10. O-O Ne4 11. Rd1 a5 12. Bf4 Nd6 13. cxd5 cxd5 14. Rdc1 Ba6 15. Qd1 f6 16. Nd3 Qd7 17. Bh3 Bb7 18. Rc2 Nc6 19. Rac1 Rac8 20. b3 Nf5 21. Bxf5 exf5 22. h4 Ba3 23. Rb1 Ba6 24. Bd2 Rfe8 25. Nf4 Re4 26. e3 Ree8 27. Ne1 g5 28. hxg5 fxg5 29. Nfd3 Qe6 30. Bc1 Bd6 31. Qh5 Qg6 32. Qh1 Qe6 33. Qh5 Qg6 34. Qh1 Qe6 35. Qh5 1/2-1/2

[Event "19th Prague Open-A 2020"]
[Site "Prague"]
[Date "2020.01.17"]
[Round "9.15"]
[White "Pavlidou, Ekaterini"]
[Black "Laverton, Christian"]
[Result "1/2-1/2"]
[ECO "A06"]
[WhiteElo "2160"]
[BlackElo "2109"]
[Annotator "ChessBase"]
[PlyCount "60"]
[EventDate "2020.01.10"]
[EventType "swiss"]
[EventCountry "CZE"]
[SourceTitle "playchess.com"]
[Source "ChessBase"]
[SourceQuality "1"]
[TimeControl "40/5400+30:1800+30"]

1. Nf3 d5 2. g3 Nf6 3. Bg2 Bf5 4. c4 c6 5. b3 e6 6. O-O h6 7. Bb2 Nbd7 8. d3 Be7 9. Nbd2 O-O 10. Qc2 Bh7 11. Rfe1 a5 12. a3 Nc5 13. Bd4 Nfd7 14. Rab1 b5 15. b4 axb4 16. axb4 Na6 17. c5 Qc7 18. e4 Bf6 19. e5 Be7 20. Qc3 Ra7 21. h4 Rfa8 22. Bh3 Nab8 23. Rb3 Ra2 24. Nf1 R8a4 25. Ne3 Qa7 26. Nc2 Nf8 27. Re3 Na6 28. Nfe1 Bd8 29. Rb1 Ng6 30. h5 Ne7 1/2-1/2